 Dungeon Crawl Stone Soup version 0.25.1-8-g42b30a86e7 (webtiles) character file.

Game seed: 11260783797518211750

3332 DildoBatman the Conjurer (level 10, -8/73 HPs)
             Began as a Formicid Wizard on Dec 12, 2020.
             Was a Believer of Kikubaaqudgha.
             Mangled by a yak (15 damage)
             ... on level 8 of the Dungeon.
             The game lasted 00:23:45 (7784 turns).

DildoBatman the Conjurer (Formicid Wizard)          Turns: 7784, Time: 00:23:45

Health: -8/73      AC:  6    Str: 19    XL:     10   Next: 22%
Magic:  4/17       EV: 17    Int: 20    God:    Kikubaaqudgha [**....]
Gold:   369        SH:  0    Dex:  9    Spells: 6/18 levels left

rFire    x . .     SeeInvis +   a - +8 mace of the Sky {freeze, rPois rF- Str+6}
rCold    + . .     Gourm    .   (no shield)
rNeg     . . .     Faith    .   B - +1 leather armour {rC+}
rPois    +         Spirit   .   (helmet unavailable)
rElec    .         Reflect  .   G - +0 cloak
rCorr    .         Harm     .   o - +0 pair of gloves
MR       +....                  (no boots)
Stlth    ++........             (no amulet)
HPRegen  0.22/turn              e - ring of poison resistance
MPRegen  0.15/turn              d - +4 ring of evasion

@: no status effects
A: permanent stasis, dig shafts and tunnels, four strong arms, antennae 3
a: Dig, Shaft Self, Receive Corpses, Renounce Religion


You were on level 8 of the Dungeon.
You worshipped Kikubaaqudgha.
Kikubaaqudgha was pleased with you.
You were very hungry.

You visited 2 branches of the dungeon, and saw 9 of its levels.

You collected 369 gold pieces.

Inventory:

Hand Weapons
 a - the +8 mace of the Sky (weapon) {freeze, rPois rF- Str+6}
   (You found it on level 4 of the Dungeon)

   It has been specially enchanted to freeze those struck by it, causing extra
   injury to most foes and up to half again as much damage against particularly
   susceptible opponents.
   It can also slow down cold-blooded creatures.
   It affects your strength (+6).
   It makes you vulnerable to fire.
   It protects you from poison.
 b - a +3 falchion of holy wrath
Missiles
 j - 113 arrows
 p - 23 poisoned darts (quivered)
 s - 146 stones
 t - 18 boomerangs
 D - 4 datura-tipped darts
 F - 3 curare-tipped darts
 I - 40 sling bullets
 K - 2 javelins
Armour
 o - a +0 pair of gloves (worn)
 B - a +1 leather armour of cold resistance (worn)
 G - a +0 cloak (worn)
Jewellery
 d - a +4 ring of evasion (right hand)
 e - a ring of poison resistance (left hand)
Wands
 l - a wand of acid (6)
 y - a wand of clouds (5)
 A - a wand of flame (2)
 L - a wand of enslavement (8)
Scrolls
 c - 3 scrolls of fog
 r - 2 scrolls of amnesia
 w - 3 scrolls of enchant weapon
 x - 2 scrolls of remove curse
 z - 3 scrolls of identify
 C - 2 scrolls of magic mapping
 E - a scroll of enchant armour {unknown}
 H - 3 scrolls of blinking {unknown}
 M - a scroll of immolation {unknown}
Potions
 f - 4 potions of curing {unknown}
 g - a potion of cancellation {unknown}
 h - a potion of degeneration {unknown}
 i - 2 potions of might {unknown}
 k - a potion of invisibility {unknown}
 m - a potion of berserk rage {unknown}
 n - 2 potions of flight
 q - 3 potions of brilliance {unknown}
 u - a potion of haste {unknown}
Comestibles
 v - 24 rations


   Skills:
 * Level 4.6 Fighting
 - Level 1.0 Maces & Flails
 * Level 4.3 Armour
 * Level 3.7 Dodging
 - Level 2.4 Stealth
 * Level 4.9 Spellcasting
 - Level 6.0 Conjurations
   Level 1.0 Summonings
 * Level 3.3 Necromancy
   Level 0.8 Translocations
 - Level 5.0 Fire Magic
 - Level 4.0 Air Magic
 - Level 4.0 Poison Magic
 * Level 2.0 Evocations


You had 6 spell levels left.
You knew the following spells:

 Your Spells              Type           Power        Failure   Level  Hunger
a - Conjure Flame         Conj/Fire      ####....     4%          3    ##.....
c - Magic Dart            Conj           ####         1%          1    None
d - Vampiric Draining     Necr           ###.......   11%         3    ##.....
e - Mephitic Cloud        Conj/Pois/Air  ###.....     6%          3    ##.....
z - Sublimation of Blood  Necr           ###.......   5%          2    #......

Your spell library contained the following spells:

 Spells                   Type           Power        Failure   Level  Hunger
 Pain                     Necr           ###.         3%          1    None
 Corpse Rot               Necr/Air       N/A          4%          2    #......
 Call Imp                 Summ           #.......     13%         2    #......
 Slow                     Hex            #.......     21%         2    #......
 Blink                    Tloc           Unusable     N/A         2    N/A

Dungeon Overview and Level Annotations

Branches:
Dungeon (8/15)             Temple (1/1) D:7
   Lair: D:8-11

Altars:
Ashenzari
Cheibriados
Dithmenos
Elyvilon
Gozag
Hepliaklqana
Kikubaaqudgha
Makhleb
Qazlal
Ru
Sif Muna
Trog
Uskayaw
Vehumet
Wu Jian
Xom
Yredelemnul
Zin
The Shining One


Innate Abilities, Weirdness & Mutations

You cannot be hasted, slowed, berserked, paralysed or teleported.
You can dig through walls and to a lower floor.
Your four strong arms can wield two-handed weapons with a shield.
You have a pair of large antennae on your head. (SInv)


Message History

Aim: a yak (lightly wounded)
The ball explodes into a vile cloud!
The stinking cloud engulfs the yak but does no damage.
The yak is lightly wounded.
The stinking cloud engulfs you but does no damage.
The yak is engulfed in noxious fumes.
The yak appears confused.
The yak is engulfed in noxious fumes.
The yak appears confused.
You see here a yak corpse.
You hit the yak. You freeze the yak.
The yak is moderately wounded.
The yak gores you!
You hit the yak. You freeze the yak.
The yak is heavily wounded.
The yak gores you!
You die...
Kikubaaqudgha rasps: "You have failed me!
Welcome... death!"

###.......{...#############
##.#######.## #.# ##.## #.#
##Y# #.# #.## #.#########.#
##.....#.##.##
###.....##.#°##
##.......[#@†## ##
#.........Y÷##...#
##.......##.).....#
#........####.)....#
#........# .[.....
##......## .......
####.......# .......
#....#....## .......
##..####..# ..[....


You could see a yak (confused).

Vanquished Creatures
  5 yaks (D:8)
  4 sky beasts
  An ice beast (D:8)
  An orc warrior (D:8)
  A black bear (D:8)
  2 ogres
  A phantom (D:7)
  A centaur (D:7)
  4 bullfrogs
  3 scorpions
  4 killer bees (D:8)
  2 howler monkeys (D:7)
  2 crimson imps
  Crazy Yiuf (D:4)
  8 hounds
  2 bullfrog zombies
  4 orc priests
  A bullfrog skeleton (D:7)
  2 iguanas
  6 orc wizards
  6 worker ants
  A worker ant zombie (D:7)
  3 gnolls (D:4)
  A howler monkey skeleton (D:5)
  14 adders
  A shadow imp (D:8)
  An adder zombie (D:8)
  4 worms
  2 dart slugs
  4 leopard geckos
  27 orcs
  5 giant cockroaches
  6 goblins
  6 hobgoblins
  25 jackals
  3 quokkas
  4 ball pythons
  10 bats
  6 frilled lizards
  8 kobolds
  A leopard gecko zombie (D:5)
  2 quokka skeletons (D:5)
  3 rats
198 creatures vanquished.

Notes
Turn   | Place    | Note
-------+----------+-------------------------------------------
     0 | D:1      | DildoBatman the Formicid Wizard began the quest for the
                  | Orb.
     0 | D:1      | Reached XP level 1. HP: 13/13 MP: 4/4
    33 | D:1      | Reached skill level 1 in Conjurations
   218 | D:1      | Reached XP level 2. HP: 19/19 MP: 1/6
   423 | D:1      | Reached skill level 2 in Conjurations
   757 | D:1      | Reached XP level 3. HP: 19/24 MP: 1/7
  1538 | D:2      | Reached skill level 3 in Conjurations
  1777 | D:2      | Reached XP level 4. HP: 30/30 MP: 8/8
  2455 | D:3      | Reached skill level 4 in Conjurations
  2455 | D:3      | Reached XP level 5. HP: 35/35 MP: 4/9
  3024 | D:4      | Noticed an ogre
  3056 | D:2      | Learned a level 3 spell: Conjure Flame
  3060 | D:2      | Learned a level 3 spell: Mephitic Cloud
  3290 | D:4      | Reached XP level 6. HP: 30/42 MP: 6/10
  3337 | D:4      | Reached skill level 1 in Poison Magic
  3431 | D:4      | Found a runed translucent door.
  3432 | D:4      | Noticed Crazy Yiuf
  3435 | D:4      | Got a translucent mace
  3511 | D:4      | Reached skill level 1 in Armour
  3520 | D:4      | Reached skill level 1 in Fighting
  3520 | D:4      | Reached skill level 1 in Fire Magic
  3555 | D:4      | Found a hazy altar of Hepliaklqana.
  3681 | D:4      | Reached skill level 1 in Air Magic
  3752 | D:4      | Reached XP level 7. HP: 21/48 MP: 2/11
  3823 | D:4      | Reached skill level 5 in Conjurations
  4205 | D:5      | Entered Level 5 of the Dungeon
  4305 | D:5      | Found a stormy altar of Qazlal.
  4377 | D:6      | Found an ornate altar of the Wu Jian Council.
  4460 | D:6      | Found a shimmering altar of Xom.
  4558 | D:7      | Reached XP level 8. HP: 48/56 MP: 5/12
  4577 | D:7      | Found a staircase to the Ecumenical Temple.
  4710 | Temple   | Entered the Ecumenical Temple
  4719 | Temple   | Became a worshipper of Kikubaaqudgha
  5047 | D:4      | Killed Crazy Yiuf
  5060 | D:4      | Identified the +8 mace of the Sky {freeze, rPois rF- Str+6}
                  | (You found it on level 4 of the Dungeon)
  5410 | D:5      | Reached * piety under Kikubaaqudgha
  5410 | D:5      | Identified Kikubaaqudgha's Reference Book on Evil Secrets
                  | (Kikubaaqudgha gifted it to you on level 5 of the Dungeon)
  5410 | D:5      | Received a gift from Kikubaaqudgha
  5416 | D:5      | Learned a level 3 spell: Vampiric Draining
  5419 | D:5      | Learned a level 2 spell: Sublimation of Blood
  5713 | D:5      | Reached skill level 6 in Conjurations
  5717 | D:5      | Reached skill level 1 in Necromancy
  5717 | D:5      | Reached XP level 9. HP: 54/62 MP: 10/14
  5971 | D:6      | Reached skill level 1 in Maces & Flails
  6804 | D:7      | Found a hide-covered altar of Uskayaw.
  7319 | D:8      | Found a snail-covered altar of Cheibriados.
  7648 | D:8      | Reached ** piety under Kikubaaqudgha
  7711 | D:8      | Reached XP level 10. HP: 69/71 MP: 10/16
  7723 | D:8      | Reached skill level 5 in Fire Magic
  7723 | D:8      | Reached skill level 1 in Evocations
  7784 | D:8      | Mangled by a yak

Illustrated notes

Levels and vault maps discovered:
D:1:      beargit_arrival_greenhouse, layout_loops_ring, minmay_misc_feat_five
D:2:      layout_loops_cross, grunt_ministairs_1, kennysheep_big_empty_room
D:3:      layout_loops_cross
D:4:      layout_loops_ring, nicolae_overflow_crystal_walls, first_ration,
          kennysheep_generic_room_7, uniq_crazy_yiuf_cottage
D:5:      layout_loops_ring, basic_altar
D:6:      layout_loops_corners, old_standard_altar, marbit_many_paths,
          hangedman_decor_clover_reticule
D:7:      layout_basic, overflow_temple_1_default,
          minmay_temple_entry_mini_moons
D:8:      layout_cave_pods, lemuel_crystal_altar,
          chequers_temple_overflow_minitemple
Temple:   nicolae_temple_great_sept

Skill      XL: |  1  2  3  4  5  6  7  8  9 10 |
---------------+-------------------------------+-----
Conjurations   | 1 2 3 4 5 6 |  6.0
Poison Magic   | 1 3 4 |  4.0
Armour         | 1 2 3 4 |  4.3
Fighting       | 1 2 4 |  4.6
Fire Magic     | 1 2 3 4 5 |  5.0
Air Magic      | 1 2 3 4 |  4.0
Dodging        | 2 3 |  3.7
Necromancy     | 1 2 3 |  3.3
Maces & Flails | 1 |  1.0
Spellcasting   | 4 |  4.9
Evocations     | 2 |  2.0
Stealth        | |  2.4
Summonings     | |  1.0
Translocations | |  0.8

Action                   |  1- 3 |  4- 6 |  7- 9 | 10-12 || total
-------------------------+-------+-------+-------+-------++-------
Melee: Dagger            |    29 |       |       |       ||    29
       Short sword       |    10 |     3 |       |       ||    13
       Mace              |       |    29 |   153 |    18 ||   200
       Falchion          |       |    71 |    77 |       ||   148
Throw: Stone             |    15 |       |       |       ||    15
       Boomerang         |       |     2 |       |       ||     2
       Dart              |       |       |     2 |       ||     2
 Cast: Magic Dart        |    98 |   106 |    36 |       ||   240
       Mephitic Cloud    |       |     6 |    26 |     4 ||    36
       Conjure Flame     |       |     1 |     6 |       ||     7
       Vampiric Draining |       |       |     2 |       ||     2
 Abil: Dig               |     1 |     2 |    14 |     3 ||    20
Evoke: Wand              |       |       |    10 |       ||    10
  Use: Scroll            |       |     5 |     7 |       ||    12
 Stab: Sleeping          |       |     1 |     3 |       ||     4
       Confused          |       |     2 |    10 |     2 ||    14
  Eat: Chunk             |     3 |     7 |    17 |     1 ||    28
Armor: Robe              |     6 |    24 |     2 |       ||    32
       Leather armour    |       |       |    50 |     2 ||    52
Dodge: Dodged            |    44 |   139 |   237 |    18 ||   438
       Rpst.: Falchion   |       |    18 |    27 |       ||    45
